 Dungeon Crawl Stone Soup version 0.28-a0-1506-g3893175d92 (webtiles) character file.

Game seed: 2826723896195390477

102 HallandMoats the Skirmisher (level 4, -12/40 HPs)
             Began as a Ghoul Fighter on Jan 14, 2022.
             Was a Follower of Cheibriados.
             Mangled by an ogre (14 damage)
             ... on level 5 of the Dungeon.
             The game lasted 00:04:33 (3721 turns).

HallandMoats the Skirmisher (Ghoul Fighter)         Turns: 3721, Time: 00:04:34

Health: -12/40     AC: 14    Str: 22    XL:     4   Next: 78%
Magic:  3/3        EV:  9    Int:  8    God:    Cheibriados [*.....]
Gold:   225        SH:  6    Dex: 17    Spells: 3/3 levels left

rFire   . . .      SeeInvis .   n - +2 dagger (protect)
rCold   + . .      Faith    .   c - +1 buckler
rNeg    + + +      Spirit   .   b - +0 scale mail
rPois   ∞          Reflect  .   l - +0 helmet
rElec   .          Harm     .   (no cloak)
rCorr   .          Rampage  .   (no gloves)
Will    .....                   (no boots)
Stlth   ..........              (no amulet)
HPRegen 0.00/turn               o - +6 ring of dexterity
MPRegen 0.08/turn               (no ring)

@: mighty, under a protective aura, inhibited regen, very slow
A: claws 1, cold resistance 1, negative energy resistance 3, inhibited
regeneration, torment resistance 2
a: Renounce Religion, Bend Time


You were on level 5 of the Dungeon.
You worshipped Cheibriados.
Cheibriados was aware of your devotion.
You visited 2 branches of the dungeon, and saw 7 of its levels.

You collected 225 gold pieces.

Inventory:

Hand Weapons
 a - a +0 long sword
 n - a +2 dagger of protection (weapon)
Armour
 b - a +0 scale mail (worn)
 c - a +1 buckler (worn)
 l - a +0 helmet (worn)
Jewellery
 j - a ring of magical power
 o - a +6 ring of dexterity (left claw)
Scrolls
 f - a scroll of vulnerability
Potions
 m - a potion of cancellation


   Skills:
 * Level 4.1 Fighting
 * Level 2.7 Long Blades
 + Level 3.0 Armour
 + Level 0.8 Dodging
 + Level 3.2 Shields
 * Level 0.5 Invocations


You had 3 spell levels left.
You didn't know any spells.
Your spell library was empty.

Dungeon Overview and Level Annotations

Branches:
Dungeon (6/15)             Temple (1/1) D:6

Altars:
Ashenzari
Cheibriados
Dithmenos
Elyvilon
Fedhas
Gozag
Hepliaklqana
Makhleb
Nemelex Xobeh
Okawaru
Ru
Sif Muna
Trog
Wu Jian
Xom
Yredelemnul
Zin
The Shining One


Innate Abilities, Weirdness & Mutations

You thrive by killing the living.
You are immune to poison.
You have sharp fingernails.
Your flesh is cold resistant. (rC+)
You are immune to negative energy. (rN+++)
You do not regenerate when monsters are visible.
You are immune to unholy pain and torment.


Message History

You start resting.
You are starting to lose your buoyancy.
You start resting.
You feel yourself slow down.
You start resting.
You float gracefully downwards.
You start resting.
You start resting.
You start resting.
You start resting.
HP restored.
You start waiting.
You start waiting.
Done waiting.
You now have 212 gold pieces (gained 18).
You open the door.
There is an open door here.
You now have 225 gold pieces (gained 13).
You open the door.
An ogre comes into view. It is wielding a +0 giant club.
An ogre is nearby!
The ogre shouts!
There is an open door here.
You feel very mighty all of a sudden.
The ogre hits you with a +0 giant club!!
Ouch! That really hurt!
You hit the ogre.
Your weapon exudes an aura of protection.
The ogre is lightly wounded.
You hit the ogre.
The ogre is lightly wounded.
The ogre hits you with a +0 giant club!
* * * LOW HITPOINT WARNING * * *
You hit the ogre.
The ogre is heavily wounded.
The ogre barely misses you.
You puncture the ogre!
The ogre is almost dead.
The ogre hits you with a +0 giant club!
You die...

###########
#.........#
#.........# ..
#.........# .O.
#.....O@..#....
##..#####'#....
#.###..###........
..........'O.......
..........#........
..........#........
..........#........
##.########........
#####.......######


You could see an ogre.

Vanquished Creatures
  3 adders
  A worm (D:3)
  2 dart slugs (D:3)
  3 orcs (D:2)
  9 bats
  4 endoplasms
  A giant cockroach (D:1)
  2 goblins
  7 hobgoblins
  2 jackals (D:1)
  10 kobolds
  2 quokkas (D:1)
  8 ball pythons
  3 frilled lizards
  7 rats
64 creatures vanquished.

Notes
Turn   | Place    | Note
-------+----------+-------------------------------------------
     0 | D:1      | HallandMoats the Ghoul Fighter began the quest for the Orb.
     0 | D:1      | Reached XP level 1. HP: 19/19 MP: 0/0
   137 | D:1      | Reached XP level 2. HP: 20/26 MP: 1/1
   762 | D:1      | Reached XP level 3. HP: 26/31 MP: 2/2
  1533 | D:2      | Reached XP level 4. HP: 35/40 MP: 3/3
  1724 | D:2      | Reached skill level 4 in Fighting
  1869 | D:2      | Found a faded altar of an unknown god.
  1963 | D:2      | Prayed at the altar of an unknown god.
  1963 | D:2      | Became a worshipper of Cheibriados the Contemplative
  1963 | D:2      | Reached * piety under Cheibriados
  2449 | D:3      | Found a sparkling altar of Nemelex Xobeh.
  2828 | D:4      | Noticed a scorpion
  2828 | D:4      | You fall into a shaft and drop 2 floors!
  2828 | D:6      | Found a staircase to the Ecumenical Temple.
  2831 | D:6      | Noticed a centaur warrior zombie
  2837 | Temple   | Entered the Ecumenical Temple
  3192 | D:6      | Noticed a sky beast
  3206 | D:6      | Noticed a phantom
  3232 | D:5      | Entered Level 5 of the Dungeon
  3706 | D:5      | Noticed an ogre
  3719 | D:5      | HP: 2/40 [ogre (17)]
  3721 | D:5      | Mangled by an ogre

Illustrated notes

Levels and vault maps discovered:
D:1:      kilobyte_arrival_exit_the_forest, layout_loops_ring,
          minmay_misc_feat_cross, chequers_serial_rivers_micro_d
D:2:      minmay_door_path, layout_rooms, chequers_ecumenical_altar_twisty,
          wander_ebering_terrifying_dragon_lair
D:3:      layout_loops_ring, mainiacjoe_overflow_tiny_flanked,
          small_statue_intersection
D:4:      gammafunk_steamed_eel, layout_basic, gammafunk_ghost_smash
D:5:      layout_gridville, serial_park_tiny_2, st_stairs_3
D:6:      layout_basic, minmay_temple_entry_ruins, uniq_eustachio
Temple:   eino_temple_scatter_basement

Skill      XL: |  1  2  3  4 |
---------------+-------------+-----
Long Blades    | 2 |  2.7
Shields        | 3 |  3.2
Fighting       | 4 |  4.1
Armour         | 3 |  3.0
Dodging        | |  0.8
Invocations    | |  0.5

Action                   |  1- 3 |  4- 6 || total
-------------------------+-------+-------++-------
Melee: Long sword        |    90 |       ||    90
       Short sword       |    37 |    55 ||    92
       Dagger            |       |    65 ||    65
  Use: Scroll            |       |     8 ||     8
       Potion            |       |     4 ||     4
Armor: Scale mail        |    77 |    92 ||   169
Dodge: Dodged            |    62 |    67 ||   129
Block: Buckler           |    37 |    42 ||    79

Table legend: (Time is in decaauts)
 A = Elapsed time spent in this place.
 B = Non-inter-level travel time spent in this place.
 C = Inter-level travel time spent in this place.
 D = Time resting spent in this place.
 E = Time spent auto-exploring this place.
 F = Levels seen in this place.
 G = Mean time per level.
                   A        B        C        D        E       F      G
               +--------+--------+--------+--------+--------+-----+--------+
         Total |   4118 |   3950 |    168 |    609 |   2646 |   7 |  588.3 |
       Dungeon |   3706 |   3563 |    143 |    503 |   2409 |   6 |  617.7 |
        Temple |    412 |    387 |     25 |    106 |    236 |   1 |  412.0 |
               +--------+--------+--------+--------+--------+-----+--------+

Top non-repeatable levels by time:
     D:1: 1304 daAuts
     D:3: 942 daAuts
     D:2: 862 daAuts
     D:5: 504 daAuts
  Temple: 412 daAuts
     D:6: 92 daAuts
